 Dungeon Crawl Stone Soup version 0.29-a0-495-g17b79114eb (webtiles) character file.

Game seed: 17281131062640229627

702 bande the Chopper (level 7, 0/44 HPs)
             Began as a Gargoyle Fighter on May 28, 2022.
             Slain by a wight
             ... wielding a +0 long sword
              (7 damage)
             ... in the Ecumenical Temple.
             The game lasted 00:06:25 (4849 turns).

bande the Chopper (Gargoyle Fighter)                Turns: 4849, Time: 00:06:25

Health: 0/44       AC: 14    Str: 19    XL:     7   Next: 66%
Magic:  7/7        EV:  9    Int:  9    God:
Gold:   275        SH:  5    Dex: 11    Spells: 6/6 levels left

rFire   . . .      SeeInvis .   a - +0 war axe (flame)
rCold   . . .      Faith    .   c - +0 buckler
rNeg    + . .      Spirit   .   b - +0 scale mail
rPois   ∞          Reflect  .   x - +0 helmet
rElec   +          Harm     .   (no cloak)
rCorr   +          Rampage  .   (no gloves)
Will    .....                   u - +0 pair of boots
Stlth   ..........              (no amulet)
HPRegen 0.14/turn               v - ring of resist corrosion
MPRegen 0.10/turn               (no ring)

@: no status effects
A: sickness immunity, AC +4, negative energy resistance 1, electricity
resistance, torment resistance 1, petrification resistance
a: no special abilities


You were in the Ecumenical Temple.
You visited 2 branches of the dungeon, and saw 6 of its levels.

You collected 275 gold pieces.

Inventory:

Hand Weapons
 a - a +0 war axe of flaming (weapon)
Armour
 b - a +0 scale mail (worn)
 c - a +0 buckler (worn)
 u - a +0 pair of boots (worn)
 x - a +0 helmet (worn)
Jewellery
 m - an amulet of magic regeneration
 p - a ring of fire
 v - a ring of resist corrosion (left hand)
 y - a ring of flight
Wands
 j - a wand of flame (5)
Scrolls
 h - a scroll of teleportation
 q - a scroll of identify
 t - a scroll of enchant weapon {unknown}
 w - a scroll of blinking {unknown}
Potions
 d - a potion of might
 e - 4 potions of haste {unknown}
 f - 4 potions of curing
 g - 3 potions of attraction {unknown}
 i - a potion of magic {unknown}
 k - 3 potions of mutation {unknown}
 l - 2 potions of heal wounds {unknown}
 n - 2 potions of degeneration {unknown}
 o - a potion of ambrosia {unknown}
 r - 2 potions of invisibility {unknown}
 s - 2 potions of lignification {unknown}


   Skills:
 + Level 4.6 Fighting
 + Level 5.3 Axes
 + Level 5.3 Armour
 + Level 4.5 Shields
 * Level 1.2 Evocations


You had 6 spell levels left.
You didn't know any spells.
Your spell library contained the following spells:

 Spells                   Type           Power      Damage    Failure   Level
 Necrotize                Necr           0%         1d4       83%         1
 Static Discharge         Conj/Air       0%         N/A       92%         2
 Portal Projectile        Hex/Tloc       0%         N/A       99%         3
 Tukima's Dance           Hex            0%         N/A       99%         3
 Vampiric Draining        Necr           0%         2d6       99%         3
 Agony                    Necr           0%         N/A       100%        5
 Blade Hands              Tmut           0%         N/A       100%        5
 Lightning Bolt           Conj/Air       0%         1d11      100%        5
 Maxwell's Capacitive Co  Air            0%         ∞         100%        8


Dungeon Overview and Level Annotations

Branches:
Dungeon (5/15)             Temple (1/1) D:5

Altars:


Innate Abilities, Weirdness & Mutations

You are immune to sickness and miasma.
Your stone body is resilient. (AC +4)
You are immune to poison.
You resist negative energy. (rN+)
You are resistant to electric shocks. (rElec)
You are resistant to unholy torment.
You are immune to petrification.


Message History

The wight hits you with a +0 long sword!
The hound bites you but does no damage.
You hit the wight. You burn the wight.
The wight is moderately damaged.
You closely miss the hound. You slash the hound! You burn the hound.
The hound barely misses you. You block the hound's attack.
The wight hits you with a +0 long sword.
The hound bites you but does no damage.
Unknown command.
You hit the wight. You burn the wight.
The wight is heavily damaged.
You barely miss the hound. You completely miss the hound.
The hound barely misses you. You block the hound's attack.
The hound closely misses you. The wight hits you but does no damage.
The hound closely misses you.
Unknown command.
You closely miss the wight.
The wight is heavily damaged.
You miss the hound. You barely miss the hound.
The hound bites you but does no damage. The hound closely misses you.
The wight hits you with a +0 long sword!
The hound pauses to sniff the ground.
The hound bites you but does no damage.
You barely miss the wight.
The wight is heavily damaged.
You hit the hound but do no damage. You closely miss the hound.
The hound barely misses you. The hound closely misses you.
The wight closely misses you. The hound bites you.
The hound bites you but does no damage. The wight hits you but does no damage.
Unknown command.
You hit the wight. You burn the wight.
The wight is severely damaged.
You closely miss the hound. You hit the hound but do no damage.
The hound bites you.
* * * LOW HITPOINT WARNING * * *
The hound closely misses you. The hound bites you.
* * * LOW HITPOINT WARNING * * *
The hound closely misses you.
The wight hits you with a +0 long sword!
You die...

######
##....##
#...h).#
+...z@.#
#....h.#
##....##
######


You could see 2 hounds and a wight.

Vanquished Creatures
  An ogre (D:4)
  A phantom (D:4)
  3 scorpions
  4 hounds
  A jelly (D:4)
  Ijyb (D:3)
  Robin (D:4)
  5 adders
  A shadow imp (D:5)
  3 worms
  4 dart slugs
  5 orcs
  10 ball pythons
  7 bats
  4 endoplasms
  7 giant cockroaches
  15 goblins
  5 hobgoblins
  14 jackals
  10 kobolds
  3 quokkas
  A frilled lizard (D:1)
  A rat (D:1)
107 creatures vanquished.

Vanquished Creatures (others)
  4 toadstools (D:1)
4 creatures vanquished.

Grand Total: 111 creatures vanquished

Notes
Turn   | Place    | Note
-------+----------+-------------------------------------------
     0 | D:1      | bande the Gargoyle Fighter began the quest for the Orb.
     0 | D:1      | Reached XP level 1. HP: 14/14 MP: 1/1
   383 | D:1      | Reached XP level 2. HP: 19/19 MP: 2/2
   812 | D:1      | Reached XP level 3. HP: 17/23 MP: 3/3
  1609 | D:2      | Reached XP level 4. HP: 29/29 MP: 4/4
  2392 | D:3      | Found a faded altar of an unknown god.
  2725 | D:3      | Reached XP level 5. HP: 29/33 MP: 5/5
  3007 | D:3      | Noticed Ijyb
  3019 | D:3      | Killed Ijyb
  3244 | D:3      | Identified the +1 ring mail of Mojixuom {rPois rN+ Dex+6
                  | Slay-6}
  3561 | D:4      | Reached XP level 6. HP: 38/38 MP: 6/6
  3773 | D:4      | Reached XP level 7. HP: 32/44 MP: 7/7
  4119 | D:4      | Reached skill level 5 in Armour
  4248 | D:4      | Reached skill level 5 in Axes
  4360 | D:4      | Noticed Robin
  4378 | D:4      | Killed Robin
  4653 | D:5      | Entered Level 5 of the Dungeon
  4698 | D:5      | Reached skill level 1 in Evocations
  4830 | D:5      | Found a staircase to the Ecumenical Temple.
  4840 | Temple   | Entered the Ecumenical Temple
  4849 | Temple   | Slain by a wight

Illustrated notes

Levels and vault maps discovered:
D:1:      ldierk_walled_garden_2, layout_loops_corners
D:2:      layout_loops_corners
D:3:      minmay_skewed_foursquare, layout_basic,
          shapermc_ecumenical_altar_totnotflames, uniq_ijyb
D:4:      layout_loops_ring, corexii_shack, uniq_robin
D:5:      layout_rooms, minmay_temple_entry_glass, cheibrodos_sewer_entry_drain
Temple:   mainiacjoe_temple_cubbyholes

Skill      XL: |  1  2  3  4  5  6  7 |
---------------+----------------------+-----
Axes           | 2 3 4 5 |  5.3
Fighting       | 4 |  4.6
Armour         | 4 5 |  5.3
Shields        | 4 |  4.5
Evocations     | 1 |  1.2

Action                   |  1- 3 |  4- 6 |  7- 9 || total
-------------------------+-------+-------+-------++-------
Melee: War axe           |   113 |   135 |    78 ||   326
  Use: Scroll            |       |     9 |       ||     9
Armor: Scale mail        |    84 |    75 |    58 ||   217
Dodge: Dodged            |    60 |    57 |    53 ||   170
Block: Buckler           |    34 |    33 |    27 ||    94

Table legend: (Time is in decaauts)
 A = Elapsed time spent in this place.
 B = Non-inter-level travel time spent in this place.
 C = Inter-level travel time spent in this place.
 D = Time resting spent in this place.
 E = Time spent auto-exploring this place.
 F = Levels seen in this place.
 G = Mean time per level.
                   A        B        C        D        E       F      G
               +--------+--------+--------+--------+--------+-----+--------+
         Total |   4969 |   4910 |     59 |     66 |   3902 |   6 |  828.2 |
       Dungeon |   4958 |   4899 |     59 |     66 |   3902 |   5 |  991.6 |
        Temple |     10 |     10 |      0 |      0 |      0 |   1 |   10.0 |
               +--------+--------+--------+--------+--------+-----+--------+

Top non-repeatable levels by time:
     D:3: 1506 daAuts
     D:1: 1280 daAuts
     D:4: 1121 daAuts
     D:2: 856 daAuts
     D:5: 193 daAuts
  Temple: 10 daAuts
